 Dungeon Crawl Stone Soup version 0.31-a0-161-gb58dd9be76 (webtiles) character file.

Game seed: 5404622118841218823

53 qw the Shooter (level 3, -3/21 HPs)
             Began as a Gargoyle Hunter on June 12, 2023.
             Slain by Sigmund
             ... wielding a +0 scythe
              (11 damage)
             ... on level 2 of the Dungeon.
             The game lasted 00:00:27 (952 turns).

qw the Shooter (Gargoyle Hunter)                     Turns: 952, Time: 00:00:28

Health: -3/21      AC:  0    Str: 14    XL:     3   Next: 89%
Magic:  3/3        EV: 14    Int:  9    God:
Gold:   91         SH:  0    Dex: 15    Spells: 2/2 levels left

rFire   . . .        Y - melded +1 shortbow
rCold   . . .        (shield currently unavailable)
rNeg    + . .        e - melded +0 ring mail
rPois   inf          (helmet currently unavailable)
rElec   .            (cloak currently unavailable)
rCorr   .            (gloves currently unavailable)
SInv    .            (boots currently unavailable)
Will    .....        (no amulet)
Stlth   ++           (ring currently unavailable)
HPRegen 0.23/turn    (ring currently unavailable)
MPRegen 0.08/turn

%: no passive effects
@: pig-form, very quick
A: fast, no casting, sickness immunity, AC +3, small, negative energy resistance
1, (electricity resistance), torment resistance 1, petrification resistance
a: no special abilities


You were on level 2 of the Dungeon.
You were a filthy swine.
You visited 1 branch of the dungeon, and saw 2 of its levels.

You collected 91 gold pieces.


Innate Abilities, Weirdness & Mutations

You are a filthy swine.
You move quickly.
Your equipment is almost entirely melded.
You are incapable of wielding weapons or throwing items.
You cannot cast spells.
You are immune to sickness and miasma.
((Your stone body is resilient. (AC +3)))
You are immune to poison.
You resist negative energy. (rN+)
((You are resistant to electric shocks. (rElec)))
You are resistant to unholy torment.
You are immune to petrification.


   Skills:
 + Level 2.2 Fighting
 - Level 5.0 Ranged Weapons
 - Level 1.9 Armour
 - Level 1.5 Dodging
 - Level 1.1 Stealth


You had 2 spell levels left.
You didn't know any spells.
Your spell library was empty.

Inventory:

Hand Weapons
 Y - a +1 shortbow (melded)
Armour
 e - a +0 ring mail (melded)
Scrolls
 a - a scroll of teleportation {unknown}
Potions
 d - a potion of heal wounds {unknown}
 f - a potion of curing {unknown}
 g - 2 potions of mutation {unknown}

Dungeon Overview and Level Annotations

Branches:
Dungeon (2/15)

Altars:

Annotations:
D:2 Sigmund


Message History

You now have 91 gold pieces (gained 12).
A hobgoblin comes into view.
You shoot an arrow. The arrow hits the hobgoblin.
The hobgoblin shouts!
The hobgoblin is moderately wounded.
You shoot an arrow. The arrow hits the hobgoblin.
The hobgoblin is heavily wounded.
You shoot an arrow. The arrow hits the hobgoblin!
You kill the hobgoblin!
Sigmund the Dreaded comes into view.
He is wielding a +0 scythe and carrying a wand of polymorph (10).
You shoot an arrow.
Sigmund shouts!
The arrow hits Sigmund but does no damage.
You shoot an arrow. The arrow hits Sigmund.
Sigmund is lightly wounded.
You shoot an arrow. The arrow closely misses Sigmund.
Sigmund zaps a wand.
You turn into a filthy swine.
Your +1 shortbow melds into your body.
Your +0 ring mail melds into your body.
Sigmund casts a spell.
Sigmund flickers and vanishes!
Deactivating autopickup; reactivate with Ctrl-A.
There is a strange disturbance nearby!
A puff of flame appears from out of thin air!
The puff of flame hits you!
942 ||| Stepping randomly (disturbance).
943 ||| Stepping randomly (disturbance).
944 ||| Stepping randomly (disturbance).
You start resting.
There is a strange disturbance nearby!
946 ||| Stepping randomly (disturbance).
Something tries to affect you, but you resist.
947 ||| Stepping randomly (disturbance).
948 ||| Stepping randomly (disturbance).
949 ||| Stepping randomly (disturbance).
You start resting.
Something hits you!
There is a strange disturbance nearby!
Something hits you!
Ouch! That really hurt!
You die...

....%.. #. #....... #.###
##...... .##...# ##..#.#.#
......###
#.....#.#######....##
#..........# #....######
..##....{.....###.....##...
..............##...........
####......h...#............
#............(..........
.............#.....<......
..#.###########..........<.
# #. #.........)). .
#.......).... .
##........... ##.....##...
###########


There were no monsters in sight!

Vanquished Creatures
  Natasha (D:1)
  A dart slug (D:1)
  4 endoplasms (D:1)
  5 hobgoblins
  3 jackals (D:1)
  A quokka (D:1)
  3 ball pythons (D:1)
  3 frilled lizards (D:1)
  A kobold (D:2)
  4 rats
26 creatures vanquished.

Notes
Turn   | Place    | Note
-------+----------+-------------------------------------------
     0 | D:1      | qw the Gargoyle Hunter began the quest for the Orb.
     0 | D:1      | Reached XP level 1. HP: 12/12 MP: 1/1
     0 | D:1      | 0 ||| qw: Version: 0.2-a-29-gc1b59c4
     0 | D:1      | 0 ||| qw: Game counter: 4260
     0 | D:1      | 0 ||| qw: Always use a shield: true
     0 | D:1      | 0 ||| qw: God list: Okawaru
     0 | D:1      | 0 ||| qw: Allow faded altars: false
     0 | D:1      | 0 ||| qw: Do Orc after D:15 true
     0 | D:1      | 0 ||| qw: Do second Lair branch before Depths: true
     0 | D:1      | 0 ||| qw: Lair rune preference: random
     0 | D:1      | 0 ||| qw: Plans: Normal, Zot:1-4, Slime:5, God:TSO, Crypt,
                  | Tomb, Abyss, Pan, Hells, Win
     0 | D:1      | 0 ||| PLANNING D:1-11
    95 | D:1      | Reached XP level 2. HP: 17/17 MP: 2/2
   150 | D:1      | 150 ||| FLEEEEING.
   572 | D:1      | Reached XP level 3. HP: 21/21 MP: 3/3
   755 | D:1      | 755 ||| UPGRADING to +0 ring mail.
   765 | D:1      | 765 ||| DROPPING +0 leather armour.
   766 | D:1      | 766 ||| READING scroll labelled YRUXKA YFOMIGROT.
   767 | D:1      | 767 ||| READING scroll labelled ELEALUPYXA.
   768 | D:1      | 768 ||| READING 2 scrolls labelled TEFIAC OGIBUDECW.
   769 | D:1      | 769 ||| READING scroll labelled ZASKOU SIETIGE.
   770 | D:1      | 770 ||| DROPPING scroll of butterflies.
   771 | D:1      | 771 ||| DROPPING scroll of poison.
   796 | D:2      | Noticed Natasha
   803 | D:2      | 803 ||| STAIRDANCE
   808 | D:1      | HP: 2/21 [Natasha (4)]
   809 | D:1      | Killed Natasha
   810 | D:1      | Reached skill level 1 in Armour
   897 | D:2      | Reached skill level 5 in Ranged Weapons
   936 | D:2      | Noticed Sigmund
   942 | D:2      | 942 ||| Stepping randomly (disturbance).
   943 | D:2      | 943 ||| Stepping randomly (disturbance).
   944 | D:2      | 944 ||| Stepping randomly (disturbance).
   946 | D:2      | 946 ||| Stepping randomly (disturbance).
   947 | D:2      | 947 ||| Stepping randomly (disturbance).
   948 | D:2      | 948 ||| Stepping randomly (disturbance).
   949 | D:2      | 949 ||| Stepping randomly (disturbance).
   952 | D:2      | Slain by Sigmund

Levels and vault maps discovered:
D:1:      co_arrival_square_in_a_square_in_a_square, layout_loops_cross
D:2:      layout_rooms, uniq_sigmund, uniq_jessica, uniq_natasha

Skill      XL: |  1  2  3 |
---------------+----------+-----
Armour         | 1 |  1.9
Ranged Weapons | 5 |  5.0
Fighting       | |  2.2
Dodging        | |  1.5
Stealth        | |  1.1

Action                     || total
---------------------------++-------
   Fire: Shortbow          ||   100
    Use: Scroll            ||     4
 Armour: Leather armour    ||    16
         Ring mail         ||     8
  Dodge: Dodged            ||    54

Table legend:
 A = Non-vault XP
 B = Vault XP
 C = Vault XP percentage of total XP
 D = Non-vault monster count
 E = Vault monster count
 F = Vault count percentage of total count
                 A         B        C        D         E       F
            +---------+---------+-------+---------+---------+-------
      Total |      42 |      35 |  45.5 |      25 |       1 |   3.8
            +---------+---------+-------+---------+---------+-------
        D:1 |      38 |      35 |  47.9 |      22 |       1 |   4.3
        D:2 |       4 |       0 |   0.0 |       3 |       0 |   0.0
            +---------+---------+-------+---------+---------+-------
